Workbook
Name OLE_LINK1: '(1) Приобретение электроэнергии'!$W$2
Name OLE_LINK1: '(10) Услуги произв. назначения'!$W$2
Name OLE_LINK1: '(11) Приобретение ГСМ'!$W$2
Name OLE_LINK1: '(2) Вспомогательные материалы'!$W$2
Name OLE_LINK1: '(3) Капитальный ремонт'!$W$2
Name OLE_LINK1: '(4) Приобретение оборудования'!$W$2
Name OLE_LINK1: '(5) Страхование'!$W$2
Name OLE_LINK1: '(6) Лизинг'!$W$2
Name OLE_LINK1: '(7) Диагн. и эксперт. пром. без'!$W$2
Name OLE_LINK1: '(8) НИОКР'!$W$2
Name OLE_LINK1: '(9) Тех.обслуж. и тек. ремонт'!$W$2
Name sub_10000: '(1) Приобретение электроэнергии'!$W$2
Name sub_10000: '(10) Услуги произв. назначения'!$W$2
Name sub_10000: '(11) Приобретение ГСМ'!$W$2
Name sub_10000: '(2) Вспомогательные материалы'!$W$2
Name sub_10000: '(3) Капитальный ремонт'!$W$2
Name sub_10000: '(4) Приобретение оборудования'!$W$2
Name sub_10000: '(5) Страхование'!$W$2
Name sub_10000: '(6) Лизинг'!$W$2
Name sub_10000: '(7) Диагн. и эксперт. пром. без'!$W$2
Name sub_10000: '(8) НИОКР'!$W$2
Name sub_10000: '(9) Тех.обслуж. и тек. ремонт'!$W$2
Name sub_10001: '(1) Приобретение электроэнергии'!$L$5
Name sub_10001: '(10) Услуги произв. назначения'!$L$5
Name sub_10001: '(11) Приобретение ГСМ'!$L$5
Name sub_10001: '(2) Вспомогательные материалы'!$L$5
Name sub_10001: '(3) Капитальный ремонт'!$L$5
Name sub_10001: '(4) Приобретение оборудования'!$L$5
Name sub_10001: '(5) Страхование'!$L$5
Name sub_10001: '(6) Лизинг'!$L$5
Name sub_10001: '(7) Диагн. и эксперт. пром. без'!$L$5
Name sub_10001: '(8) НИОКР'!$L$5
Name sub_10001: '(9) Тех.обслуж. и тек. ремонт'!$L$5
Name sub_10011: '(1) Приобретение электроэнергии'!$B$12
Name sub_10011: '(10) Услуги произв. назначения'!$B$12
Name sub_10011: '(11) Приобретение ГСМ'!$B$12
Name sub_10011: '(2) Вспомогательные материалы'!$B$12
Name sub_10011: '(3) Капитальный ремонт'!$B$12
Name sub_10011: '(4) Приобретение оборудования'!$B$12
Name sub_10011: '(5) Страхование'!$B$12
Name sub_10011: '(6) Лизинг'!$B$12
Name sub_10011: '(7) Диагн. и эксперт. пром. без'!$B$12
Name sub_10011: '(8) НИОКР'!$B$12
Name sub_10011: '(9) Тех.обслуж. и тек. ремонт'!$B$12

Sheet (1) Приобретение электроэнергии
W2: Приложение N 10
W3: к приказу ФАС России
W4: от 8 декабря 2022 г. N 960/22
W5: "Об утверждении форм, сроков и периодичности раскрытия информации субъектами естественных монополий,
B6: Вид товара (услуг): (1) Приобретение электроэнергии | W6: оказывающими услуги по транспортировке газа по трубопроводам, а также правил заполнения указанных форм"
B8: февраль 2026г. | L8: Информация о способах приобретения, стоимости и объемах товаров, необходимых для оказания услуг
B9: (отчётный месяц) | L9: по транспортировке газа по трубопроводам (газораспределительные сети) ОАО "Сургутгаз".
L10: (наименование субъекта естественной монополии)
B12: N | C12: Дата закупки | D12: Способ осуществления закупки | Q12: Предмет закупки | R12: Цена за единицу товара, работ, услуг (тыс. руб.) | S12: Единица измерения | T12: Количество (объем товаров, работ, услуг) | U12: Сумма закупки (товаров, работ, услуг) (тыс. руб.) | V12: Поставщик (подрядная организация) | W12: Реквизиты документа
D13: Конкурентные закупки | O13: Неконкурентная закупка
D14: Торги | N14: Иной способ, установленный положением о закупке
D15: конкурс | G15: аукцион | J15: запрос котировок | L15: запрос предложений | O15: единственный поставщик (исполнитель, подрядчик) | P15: иное
D16: открытый конкурс | E16: конкурс в электронной форме | F16: закрытый конкурс | G16: открытый аукцион | H16: аукцион в электронной форме | I16: закрытый аукцион | J16: запрос котировок в электронной форме | K16: закрытый запрос котировок | L16: запрос предложений в электронной форме | M16: закрытый запрос предложений
B17: 1 | C17: 2 | D17: 3 | E17: 4 | F17: 5 | G17: 6 | H17: 7 | I17: 8 | J17: 9 | K17: 10 | L17: 11 | M17: 12 | N17: 13 | O17: 14 | P17: 15 | Q17: 16 | R17: 17 | S17: 18 | T17: 19 | U17: 20 | V17: 21 | W17: 22
B18: 1 | C18: 46053 | D18: нет | E18: нет | F18: нет | G18: нет | H18: нет | I18: нет | J18: нет | K18: нет | L18: нет | M18: нет | N18: нет | O18: да | P18: нет | Q18: Приобретение электроэнергии | R18: =U18/T18 -> 0.010633097 | S18: кВт.ч. | T18: 19079.36 | U18: 202.87268 | V18: АО "Энергосбытовая компания Восток" | W18: №26013101121/05 от 31.01.2026; № 26013101121/05 от 31.01.2026
B19: 2 | C19: =C18 -> 46053 | D19: нет | E19: нет | F19: нет | G19: нет | H19: нет | I19: нет | J19: нет | K19: нет | L19: нет | M19: нет | N19: нет | O19: да | P19: нет | Q19: Приобретение электроэнергии | R19: =U19/T19 -> 0.010182 | S19: кВт.ч. | T19: 35 | U19: =356.37/1000 -> 0.35637 | V19: АО "ГазпромЭнергоСбыт Тюмень" | W19: №1010126080000593/08/00000 от 31.01.2026; №6010126080000587/08/00000 от 31.01.2026
B21: * Информация представлена при наличии документов по состоянию на 05.03.2026

Sheet (2) Вспомогательные материалы
W2: Приложение N 10
W3: к приказу ФАС России
W4: от 8 декабря 2022 г. N 960/22
W5: "Об утверждении форм, сроков и периодичности раскрытия информации субъектами естественных монополий,
B6: Вид товара (услуг): (2) Вспомогательные материалы | W6: оказывающими услуги по транспортировке газа по трубопроводам, а также правил заполнения указанных форм"
B8: ='(1) Приобретение электроэнергии'!B8 -> февраль 2026г. | L8: Информация о способах приобретения, стоимости и объемах товаров, необходимых для оказания услуг
B9: (отчётный месяц) | L9: по транспортировке газа по трубопроводам (газораспределительные сети) ОАО "Сургутгаз".
L10: (наименование субъекта естественной монополии)
B12: N | C12: Дата закупки | D12: Способ осуществления закупки | Q12: Предмет закупки | R12: Цена за единицу товара, работ, услуг (тыс. руб.) | S12: Единица измерения | T12: Количество (объем товаров, работ, услуг) | U12: Сумма закупки (товаров, работ, услуг) (тыс. руб.) | V12: Поставщик (подрядная организация) | W12: Реквизиты документа
D13: Конкурентные закупки | O13: Неконкурентная закупка
D14: Торги | N14: Иной способ, установленный положением о закупке
D15: конкурс | G15: аукцион | J15: запрос котировок | L15: запрос предложений | O15: единственный поставщик (исполнитель, подрядчик) | P15: иное
D16: открытый конкурс | E16: конкурс в электронной форме | F16: закрытый конкурс | G16: открытый аукцион | H16: аукцион в электронной форме | I16: закрытый аукцион | J16: запрос котировок в электронной форме | K16: закрытый запрос котировок | L16: запрос предложений в электронной форме | M16: закрытый запрос предложений
B17: 1 | C17: 2 | D17: 3 | E17: 4 | F17: 5 | G17: 6 | H17: 7 | I17: 8 | J17: 9 | K17: 10 | L17: 11 | M17: 12 | N17: 13 | O17: 14 | P17: 15 | Q17: 16 | R17: 17 | S17: 18 | T17: 19 | U17: 20 | V17: 21 | W17: 22
B18: 1 | C18: ='(1) Приобретение электроэнергии'!$C$18 -> 46053 | D18: нет | E18: нет | F18: нет | G18: нет | H18: нет | I18: нет | J18: нет | K18: нет | L18: нет | M18: нет | N18: нет | O18: да | P18: нет | Q18: природный газ-потери | R18: =U18/T18 -> 6.3802278 | S18: тыс. м3 | T18: 112.62 | U18: 718.54125 | V18: ГАЗПРОМ ГАЗОРАСПРЕДЕЛЕНИЕ СЕВЕР АО | W18: №РГ1137 от 31.01.2026
B19: =B18+1 -> 2 | C19: ='(1) Приобретение электроэнергии'!$C$18 -> 46053 | D19: нет | E19: нет | F19: нет | G19: нет | H19: нет | I19: нет | J19: нет | K19: нет | L19: нет | M19: нет | N19: нет | O19: да | P19: нет | Q19: Запасные части | R19: =U19/T19 -> 1.4363636 | S19: шт. | T19: 11 | U19: 15.8 | V19: Авто Максимум ООО | W19: №75 от 30.01.2026
B20: =B19+1 -> 3 | C20: ='(1) Приобретение электроэнергии'!$C$18 -> 46053 | D20: нет | E20: нет | F20: нет | G20: нет | H20: нет | I20: нет | J20: нет | K20: нет | L20: нет | M20: нет | N20: нет | O20: да | P20: нет | Q20: Запасные части | R20: =U20/T20 -> 1.06 | S20: шт. | T20: 20 | U20: 21.2 | V20: Гелеверя В.П. ИП | W20: №39 от 28.01.2026
B21: =B20+1 -> 4 | C21: ='(1) Приобретение электроэнергии'!$C$18 -> 46053 | D21: нет | E21: нет | F21: нет | G21: нет | H21: нет | I21: нет | J21: нет | K21: нет | L21: нет | M21: нет | N21: нет | O21: да | P21: нет | Q21: Комплектующие к орг. технике | R21: =U21/T21 -> 0.080206897 | S21: шт. | T21: 145 | U21: 11.63 | V21: ПЕРВЫЙ АО | W21: №14 от 12.01.2026; №47 от 19.01.2026; №71 от 21.01.2026
B22: =B21+1 -> 5 | C22: ='(1) Приобретение электроэнергии'!$C$18 -> 46053 | D22: нет | E22: нет | F22: нет | G22: нет | H22: нет | I22: нет | J22: нет | K22: нет | L22: нет | M22: нет | N22: нет | O22: да | P22: нет | Q22: Расходные материалы | R22: =U22/T22 -> 0.10165217 | S22: шт. | T22: 46 | U22: 4.676 | V22: Печатный мир ООО | W22: №178 от 27.01.2026
B23: =B22+1 -> 6 | C23: ='(1) Приобретение электроэнергии'!$C$18 -> 46053 | D23: нет | E23: нет | F23: нет | G23: нет | H23: нет | I23: нет | J23: нет | K23: нет | L23: нет | M23: нет | N23: нет | O23: да | P23: нет | Q23: Запасные части | R23: =U23/T23 -> 7.188 | S23: шт. | T23: 1 | U23: 7.188 | V23: Трейд-сервис ООО | W23: №РЦ-1685 от 29.01.2026
B24: =B23+1 -> 7 | C24: ='(1) Приобретение электроэнергии'!$C$18 -> 46053 | D24: нет | E24: нет | F24: нет | G24: нет | H24: нет | I24: нет | J24: нет | K24: нет | L24: нет | M24: нет | N24: нет | O24: да | P24: нет | Q24: Расходные материалы | R24: =U24/T24 -> 1.3298 | S24: шт. | T24: 22 | U24: 29.2556 | V24: ТСК ООО ТехноСварКомплект | W24: №ЦБ-266/3 от 22.01.2026
B25: =B24+1 -> 8 | C25: ='(1) Приобретение электроэнергии'!$C$18 -> 46053 | D25: нет | E25: нет | F25: нет | G25: нет | H25: нет | I25: нет | J25: нет | K25: нет | L25: нет | M25: нет | N25: нет | O25: да | P25: нет | Q25: Пластина 4х600х600 | R25: =U25/T25 -> 1.8 | S25: шт. | T25: 2 | U25: 3.6 | V25: ЮМК ООО | W25: №56 от 30.01.2026
B26: =B25+1 -> 9 | C26: ='(1) Приобретение электроэнергии'!$C$18 -> 46053 | D26: нет | E26: нет | F26: нет | G26: нет | H26: нет | I26: нет | J26: нет | K26: нет | L26: нет | M26: нет | N26: нет | O26: да | P26: нет | Q26: Запасные части | R26: =U26/T26 -> 0.34471778 | S26: шт. | T26: 270 | U26: 93.0738 | V26: РЕМАВТОКРАН ООО | W26: №20 от 29.01.2026
B27: =B26+1 -> 10 | C27: ='(1) Приобретение электроэнергии'!$C$18 -> 46053 | D27: нет | E27: нет | F27: нет | G27: нет | H27: нет | I27: нет | J27: нет | K27: нет | L27: нет | M27: нет | N27: нет | O27: да | P27: нет | Q27: Запасные части | R27: =U27/T27 -> 1.0797727 | S27: шт. | T27: 22 | U27: 23.755 | V27: Альшин М.Ш. ИП | W27: №15 от 30.01.2026
B28: =B27+1 -> 11 | C28: ='(1) Приобретение электроэнергии'!$C$18 -> 46053 | D28: нет | E28: нет | F28: нет | G28: нет | H28: нет | I28: нет | J28: нет | K28: нет | L28: нет | M28: нет | N28: нет | O28: да | P28: нет | Q28: Расходные материалы | R28: =U28/T28 -> 0.12207287 | S28: шт. | T28: 422 | U28: 51.51475 | V28: ТЕХГИДРОСЕРВИС ООО | W28: №ТГ00-000093 от 16.01.2026; №ТГ00-000202 от 22.01.2026; №ТГ00-000316 от 29.01.2026; №ТГ00-000362 от 30.01.2026; ТГ00-000077 от 15.01.2026
B30: ='(1) Приобретение электроэнергии'!B21 -> * Информация представлена при наличии документов по состоянию на 05.03.2026

Sheet (3) Капитальный ремонт
W2: Приложение N 10
W3: к приказу ФАС России
W4: от 8 декабря 2022 г. N 960/22
W5: "Об утверждении форм, сроков и периодичности раскрытия информации субъектами естественных монополий,
B6: Вид товара (услуг): (3) Капитальный ремонт | W6: оказывающими услуги по транспортировке газа по трубопроводам, а также правил заполнения указанных форм"
B8: ='(1) Приобретение электроэнергии'!B8 -> февраль 2026г. | L8: Информация о способах приобретения, стоимости и объемах товаров, необходимых для оказания услуг
B9: (отчётный месяц) | L9: по транспортировке газа по трубопроводам (газораспределительные сети) ОАО "Сургутгаз".
L10: (наименование субъекта естественной монополии)
B12: N | C12: Дата закупки | D12: Способ осуществления закупки | Q12: Предмет закупки | R12: Цена за единицу товара, работ, услуг (тыс. руб.) | S12: Единица измерения | T12: Количество (объем товаров, работ, услуг) | U12: Сумма закупки (товаров, работ, услуг) (тыс. руб.) | V12: Поставщик (подрядная организация) | W12: Реквизиты документа
D13: Конкурентные закупки | O13: Неконкурентная закупка
D14: Торги | N14: Иной способ, установленный положением о закупке
D15: конкурс | G15: аукцион | J15: запрос котировок | L15: запрос предложений | O15: единственный поставщик (исполнитель, подрядчик) | P15: иное
D16: открытый конкурс | E16: конкурс в электронной форме | F16: закрытый конкурс | G16: открытый аукцион | H16: аукцион в электронной форме | I16: закрытый аукцион | J16: запрос котировок в электронной форме | K16: закрытый запрос котировок | L16: запрос предложений в электронной форме | M16: закрытый запрос предложений
B17: 1 | C17: 2 | D17: 3 | E17: 4 | F17: 5 | G17: 6 | H17: 7 | I17: 8 | J17: 9 | K17: 10 | L17: 11 | M17: 12 | N17: 13 | O17: 14 | P17: 15 | Q17: 16 | R17: 17 | S17: 18 | T17: 19 | U17: 20 | V17: 21 | W17: 22
B18: нет | C18: нет | D18: нет | E18: нет | F18: нет | G18: нет | H18: нет | I18: нет | J18: нет | K18: нет | L18: нет | M18: нет | N18: нет | O18: нет | P18: нет | Q18: нет | R18: нет | S18: нет | T18: нет | U18: нет | V18: нет | W18: нет
B20: ='(1) Приобретение электроэнергии'!B21 -> * Информация представлена при наличии документов по состоянию на 05.03.2026

Sheet (4) Приобретение оборудования
W2: Приложение N 10
W3: к приказу ФАС России
W4: от 8 декабря 2022 г. N 960/22
W5: "Об утверждении форм, сроков и периодичности раскрытия информации субъектами естественных монополий,
B6: Вид товара (услуг): (4) Приобретение оборудования | W6: оказывающими услуги по транспортировке газа по трубопроводам, а также правил заполнения указанных форм"
B8: ='(1) Приобретение электроэнергии'!B8 -> февраль 2026г. | L8: Информация о способах приобретения, стоимости и объемах товаров, необходимых для оказания услуг
B9: (отчётный месяц) | L9: по транспортировке газа по трубопроводам (газораспределительные сети) ОАО "Сургутгаз".
L10: (наименование субъекта естественной монополии)
B12: N | C12: Дата закупки | D12: Способ осуществления закупки | Q12: Предмет закупки | R12: Цена за единицу товара, работ, услуг (тыс. руб.) | S12: Единица измерения | T12: Количество (объем товаров, работ, услуг) | U12: Сумма закупки (товаров, работ, услуг) (тыс. руб.) | V12: Поставщик (подрядная организация) | W12: Реквизиты документа
D13: Конкурентные закупки | O13: Неконкурентная закупка
D14: Торги | N14: Иной способ, установленный положением о закупке
D15: конкурс | G15: аукцион | J15: запрос котировок | L15: запрос предложений | O15: единственный поставщик (исполнитель, подрядчик) | P15: иное
D16: открытый конкурс | E16: конкурс в электронной форме | F16: закрытый конкурс | G16: открытый аукцион | H16: аукцион в электронной форме | I16: закрытый аукцион | J16: запрос котировок в электронной форме | K16: закрытый запрос котировок | L16: запрос предложений в электронной форме | M16: закрытый запрос предложений
B17: 1 | C17: 2 | D17: 3 | E17: 4 | F17: 5 | G17: 6 | H17: 7 | I17: 8 | J17: 9 | K17: 10 | L17: 11 | M17: 12 | N17: 13 | O17: 14 | P17: 15 | Q17: 16 | R17: 17 | S17: 18 | T17: 19 | U17: 20 | V17: 21 | W17: 22
B18: нет | C18: нет | D18: нет | E18: нет | F18: нет | G18: нет | H18: нет | I18: нет | J18: нет | K18: нет | L18: нет | M18: нет | N18: нет | O18: нет | P18: нет | Q18: нет | R18: нет | S18: нет | T18: нет | U18: нет | V18: нет | W18: нет
B20: ='(1) Приобретение электроэнергии'!B21 -> * Информация представлена при наличии документов по состоянию на 05.03.2026

Sheet (5) Страхование
W2: Приложение N 10
W3: к приказу ФАС России
W4: от 8 декабря 2022 г. N 960/22
W5: "Об утверждении форм, сроков и периодичности раскрытия информации субъектами естественных монополий,
B6: Вид товара (услуг): (5) Страхование | W6: оказывающими услуги по транспортировке газа по трубопроводам, а также правил заполнения указанных форм"
B8: ='(1) Приобретение электроэнергии'!B8 -> февраль 2026г. | L8: Информация о способах приобретения, стоимости и объемах товаров, необходимых для оказания услуг
B9: (отчётный месяц) | L9: по транспортировке газа по трубопроводам (газораспределительные сети) ОАО "Сургутгаз".
L10: (наименование субъекта естественной монополии)
B12: N | C12: Дата закупки | D12: Способ осуществления закупки | Q12: Предмет закупки | R12: Цена за единицу товара, работ, услуг (тыс. руб.) | S12: Единица измерения | T12: Количество (объем товаров, работ, услуг) | U12: Сумма закупки (товаров, работ, услуг) (тыс. руб.) | V12: Поставщик (подрядная организация) | W12: Реквизиты документа
D13: Конкурентные закупки | O13: Неконкурентная закупка
D14: Торги | N14: Иной способ, установленный положением о закупке
D15: конкурс | G15: аукцион | J15: запрос котировок | L15: запрос предложений | O15: единственный поставщик (исполнитель, подрядчик) | P15: иное
D16: открытый конкурс | E16: конкурс в электронной форме | F16: закрытый конкурс | G16: открытый аукцион | H16: аукцион в электронной форме | I16: закрытый аукцион | J16: запрос котировок в электронной форме | K16: закрытый запрос котировок | L16: запрос предложений в электронной форме | M16: закрытый запрос предложений
B17: 1 | C17: 2 | D17: 3 | E17: 4 | F17: 5 | G17: 6 | H17: 7 | I17: 8 | J17: 9 | K17: 10 | L17: 11 | M17: 12 | N17: 13 | O17: 14 | P17: 15 | Q17: 16 | R17: 17 | S17: 18 | T17: 19 | U17: 20 | V17: 21 | W17: 22
B18: 1 | C18: ='(1) Приобретение электроэнергии'!$C$18 -> 46053 | D18: нет | E18: нет | F18: нет | G18: нет | H18: нет | I18: нет | J18: нет | K18: нет | L18: нет | M18: нет | N18: нет | O18: да | P18: нет | Q18: Страхование а/транспорта (ОСАГО) | R18: =U18/T18 -> 5.40065 | S18: ед. | T18: 3 | U18: 16.20195 | V18: ВСК САО | W18: №ХХХ0606345220 от 15.01.2026; №ХХХ0606335801 от 15.01.2026; №ХХХ0606338527 от 15.01.2026
B20: ='(1) Приобретение электроэнергии'!B21 -> * Информация представлена при наличии документов по состоянию на 05.03.2026

Sheet (6) Лизинг
W2: Приложение N 10
W3: к приказу ФАС России
W4: от 8 декабря 2022 г. N 960/22
W5: "Об утверждении форм, сроков и периодичности раскрытия информации субъектами естественных монополий,
B6: Вид товара (услуг): (6) Лизинг | W6: оказывающими услуги по транспортировке газа по трубопроводам, а также правил заполнения указанных форм"
B8: ='(1) Приобретение электроэнергии'!B8 -> февраль 2026г. | L8: Информация о способах приобретения, стоимости и объемах товаров, необходимых для оказания услуг
B9: (отчётный месяц) | L9: по транспортировке газа по трубопроводам (газораспределительные сети) ОАО "Сургутгаз".
L10: (наименование субъекта естественной монополии)
B12: N | C12: Дата закупки | D12: Способ осуществления закупки | Q12: Предмет закупки | R12: Цена за единицу товара, работ, услуг (тыс. руб.) | S12: Единица измерения | T12: Количество (объем товаров, работ, услуг) | U12: Сумма закупки (товаров, работ, услуг) (тыс. руб.) | V12: Поставщик (подрядная организация) | W12: Реквизиты документа
D13: Конкурентные закупки | O13: Неконкурентная закупка
D14: Торги | N14: Иной способ, установленный положением о закупке
D15: конкурс | G15: аукцион | J15: запрос котировок | L15: запрос предложений | O15: единственный поставщик (исполнитель, подрядчик) | P15: иное
D16: открытый конкурс | E16: конкурс в электронной форме | F16: закрытый конкурс | G16: открытый аукцион | H16: аукцион в электронной форме | I16: закрытый аукцион | J16: запрос котировок в электронной форме | K16: закрытый запрос котировок | L16: запрос предложений в электронной форме | M16: закрытый запрос предложений
B17: 1 | C17: 2 | D17: 3 | E17: 4 | F17: 5 | G17: 6 | H17: 7 | I17: 8 | J17: 9 | K17: 10 | L17: 11 | M17: 12 | N17: 13 | O17: 14 | P17: 15 | Q17: 16 | R17: 17 | S17: 18 | T17: 19 | U17: 20 | V17: 21 | W17: 22
B18: нет | C18: нет | D18: нет | E18: нет | F18: нет | G18: нет | H18: нет | I18: нет | J18: нет | K18: нет | L18: нет | M18: нет | N18: нет | O18: нет | P18: нет | Q18: нет | R18: нет | S18: нет | T18: нет | U18: нет | V18: нет | W18: нет
B20: ='(1) Приобретение электроэнергии'!B21 -> * Информация представлена при наличии документов по состоянию на 05.03.2026

Sheet (7) Диагн. и эксперт. пром. без
W2: Приложение N 10
W3: к приказу ФАС России
W4: от 8 декабря 2022 г. N 960/22
W5: "Об утверждении форм, сроков и периодичности раскрытия информации субъектами естественных монополий,
B6: Вид товара (услуг): (7) Диагностика и экспертиза промышленной безопасности | W6: оказывающими услуги по транспортировке газа по трубопроводам, а также правил заполнения указанных форм"
B8: ='(1) Приобретение электроэнергии'!B8 -> февраль 2026г. | L8: Информация о способах приобретения, стоимости и объемах товаров, необходимых для оказания услуг
B9: (отчётный месяц) | L9: по транспортировке газа по трубопроводам (газораспределительные сети) ОАО "Сургутгаз".
L10: (наименование субъекта естественной монополии)
B12: N | C12: Дата закупки | D12: Способ осуществления закупки | Q12: Предмет закупки | R12: Цена за единицу товара, работ, услуг (тыс. руб.) | S12: Единица измерения | T12: Количество (объем товаров, работ, услуг) | U12: Сумма закупки (товаров, работ, услуг) (тыс. руб.) | V12: Поставщик (подрядная организация) | W12: Реквизиты документа
D13: Конкурентные закупки | O13: Неконкурентная закупка
D14: Торги | N14: Иной способ, установленный положением о закупке
D15: конкурс | G15: аукцион | J15: запрос котировок | L15: запрос предложений | O15: единственный поставщик (исполнитель, подрядчик) | P15: иное
D16: открытый конкурс | E16: конкурс в электронной форме | F16: закрытый конкурс | G16: открытый аукцион | H16: аукцион в электронной форме | I16: закрытый аукцион | J16: запрос котировок в электронной форме | K16: закрытый запрос котировок | L16: запрос предложений в электронной форме | M16: закрытый запрос предложений
B17: 1 | C17: 2 | D17: 3 | E17: 4 | F17: 5 | G17: 6 | H17: 7 | I17: 8 | J17: 9 | K17: 10 | L17: 11 | M17: 12 | N17: 13 | O17: 14 | P17: 15 | Q17: 16 | R17: 17 | S17: 18 | T17: 19 | U17: 20 | V17: 21 | W17: 22
B18: 1 | C18: ='(1) Приобретение электроэнергии'!$C$18 -> 46053 | D18: нет | E18: нет | F18: нет | G18: нет | H18: нет | I18: нет | J18: нет | K18: нет | L18: нет | M18: нет | N18: нет | O18: да | P18: нет | Q18: Экспертиза промышленной безопасности | R18: =U18/T18 -> 160 | S18: ед. | T18: 3 | U18: 480 | V18: ПРОМЭКСПЕРТЮГРА ООО | W18: №3966 от 29.12.2025; №4009 от 30.12.2025
B20: ='(1) Приобретение электроэнергии'!B21 -> * Информация представлена при наличии документов по состоянию на 05.03.2026

Sheet (8) НИОКР
W2: Приложение N 10
W3: к приказу ФАС России
W4: от 8 декабря 2022 г. N 960/22
W5: "Об утверждении форм, сроков и периодичности раскрытия информации субъектами естественных монополий,
B6: Вид товара (услуг): (8) НИОКР | W6: оказывающими услуги по транспортировке газа по трубопроводам, а также правил заполнения указанных форм"
B8: ='(1) Приобретение электроэнергии'!B8 -> февраль 2026г. | L8: Информация о способах приобретения, стоимости и объемах товаров, необходимых для оказания услуг
B9: (отчётный месяц) | L9: по транспортировке газа по трубопроводам (газораспределительные сети) ОАО "Сургутгаз".
L10: (наименование субъекта естественной монополии)
B12: N | C12: Дата закупки | D12: Способ осуществления закупки | Q12: Предмет закупки | R12: Цена за единицу товара, работ, услуг (тыс. руб.) | S12: Единица измерения | T12: Количество (объем товаров, работ, услуг) | U12: Сумма закупки (товаров, работ, услуг) (тыс. руб.) | V12: Поставщик (подрядная организация) | W12: Реквизиты документа
D13: Конкурентные закупки | O13: Неконкурентная закупка
D14: Торги | N14: Иной способ, установленный положением о закупке
D15: конкурс | G15: аукцион | J15: запрос котировок | L15: запрос предложений | O15: единственный поставщик (исполнитель, подрядчик) | P15: иное
D16: открытый конкурс | E16: конкурс в электронной форме | F16: закрытый конкурс | G16: открытый аукцион | H16: аукцион в электронной форме | I16: закрытый аукцион | J16: запрос котировок в электронной форме | K16: закрытый запрос котировок | L16: запрос предложений в электронной форме | M16: закрытый запрос предложений
B17: 1 | C17: 2 | D17: 3 | E17: 4 | F17: 5 | G17: 6 | H17: 7 | I17: 8 | J17: 9 | K17: 10 | L17: 11 | M17: 12 | N17: 13 | O17: 14 | P17: 15 | Q17: 16 | R17: 17 | S17: 18 | T17: 19 | U17: 20 | V17: 21 | W17: 22
B18: нет | C18: нет | D18: нет | E18: нет | F18: нет | G18: нет | H18: нет | I18: нет | J18: нет | K18: нет | L18: нет | M18: нет | N18: нет | O18: нет | P18: нет | Q18: нет | R18: нет | S18: нет | T18: нет | U18: нет | V18: нет | W18: нет
B20: ='(1) Приобретение электроэнергии'!B21 -> * Информация представлена при наличии документов по состоянию на 05.03.2026

Sheet (9) Тех.обслуж. и тек. ремонт
W2: Приложение N 10
W3: к приказу ФАС России
W4: от 8 декабря 2022 г. N 960/22
W5: "Об утверждении форм, сроков и периодичности раскрытия информации субъектами естественных монополий,
B6: Вид товара (услуг): (9) Техническое обслуживание и текущий ремонт | W6: оказывающими услуги по транспортировке газа по трубопроводам, а также правил заполнения указанных форм"
B8: ='(1) Приобретение электроэнергии'!B8 -> февраль 2026г. | L8: Информация о способах приобретения, стоимости и объемах товаров, необходимых для оказания услуг
B9: (отчётный месяц) | L9: по транспортировке газа по трубопроводам (газораспределительные сети) ОАО "Сургутгаз".
L10: (наименование субъекта естественной монополии)
B12: N | C12: Дата закупки | D12: Способ осуществления закупки | Q12: Предмет закупки | R12: Цена за единицу товара, работ, услуг (тыс. руб.) | S12: Единица измерения | T12: Количество (объем товаров, работ, услуг) | U12: Сумма закупки (товаров, работ, услуг) (тыс. руб.) | V12: Поставщик (подрядная организация) | W12: Реквизиты документа
D13: Конкурентные закупки | O13: Неконкурентная закупка
D14: Торги | N14: Иной способ, установленный положением о закупке
D15: конкурс | G15: аукцион | J15: запрос котировок | L15: запрос предложений | O15: единственный поставщик (исполнитель, подрядчик) | P15: иное
D16: открытый конкурс | E16: конкурс в электронной форме | F16: закрытый конкурс | G16: открытый аукцион | H16: аукцион в электронной форме | I16: закрытый аукцион | J16: запрос котировок в электронной форме | K16: закрытый запрос котировок | L16: запрос предложений в электронной форме | M16: закрытый запрос предложений
B17: 1 | C17: 2 | D17: 3 | E17: 4 | F17: 5 | G17: 6 | H17: 7 | I17: 8 | J17: 9 | K17: 10 | L17: 11 | M17: 12 | N17: 13 | O17: 14 | P17: 15 | Q17: 16 | R17: 17 | S17: 18 | T17: 19 | U17: 20 | V17: 21 | W17: 22
B18: нет | C18: нет | D18: нет | E18: нет | F18: нет | G18: нет | H18: нет | I18: нет | J18: нет | K18: нет | L18: нет | M18: нет | N18: нет | O18: нет | P18: нет | Q18: нет | R18: нет | S18: нет | T18: нет | U18: нет | V18: нет | W18: нет
B20: ='(1) Приобретение электроэнергии'!B21 -> * Информация представлена при наличии документов по состоянию на 05.03.2026

Sheet (10) Услуги произв. назначения
W2: Приложение N 10
W3: к приказу ФАС России
W4: от 8 декабря 2022 г. N 960/22
W5: "Об утверждении форм, сроков и периодичности раскрытия информации субъектами естественных монополий,
B6: Вид товара (услуг): (10) Услуги производственного назначения | W6: оказывающими услуги по транспортировке газа по трубопроводам, а также правил заполнения указанных форм"
B8: ='(1) Приобретение электроэнергии'!B8 -> февраль 2026г. | L8: Информация о способах приобретения, стоимости и объемах товаров, необходимых для оказания услуг
B9: (отчётный месяц) | L9: по транспортировке газа по трубопроводам (газораспределительные сети) ОАО "Сургутгаз".
L10: (наименование субъекта естественной монополии)
B12: N | C12: Дата закупки | D12: Способ осуществления закупки | Q12: Предмет закупки | R12: Цена за единицу товара, работ, услуг (тыс. руб.) | S12: Единица измерения | T12: Количество (объем товаров, работ, услуг) | U12: Сумма закупки (товаров, работ, услуг) (тыс. руб.) | V12: Поставщик (подрядная организация) | W12: Реквизиты документа
D13: Конкурентные закупки | O13: Неконкурентная закупка
D14: Торги | N14: Иной способ, установленный положением о закупке
D15: конкурс | G15: аукцион | J15: запрос котировок | L15: запрос предложений | O15: единственный поставщик (исполнитель, подрядчик) | P15: иное
D16: открытый конкурс | E16: конкурс в электронной форме | F16: закрытый конкурс | G16: открытый аукцион | H16: аукцион в электронной форме | I16: закрытый аукцион | J16: запрос котировок в электронной форме | K16: закрытый запрос котировок | L16: запрос предложений в электронной форме | M16: закрытый запрос предложений
B17: 1 | C17: 2 | D17: 3 | E17: 4 | F17: 5 | G17: 6 | H17: 7 | I17: 8 | J17: 9 | K17: 10 | L17: 11 | M17: 12 | N17: 13 | O17: 14 | P17: 15 | Q17: 16 | R17: 17 | S17: 18 | T17: 19 | U17: 20 | V17: 21 | W17: 22
B18: 1 | C18: ='(1) Приобретение электроэнергии'!$C$18 -> 46053 | D18: нет | E18: нет | F18: нет | G18: нет | H18: нет | I18: нет | J18: нет | K18: нет | L18: нет | M18: нет | N18: нет | O18: да | P18: нет | Q18: ТО охранно-пожарной сигнализации | R18: =U18/T18 -> 10.5 | S18: месяц | T18: 1 | U18: 10.5 | V18: АПБ ООО | W18: №44 от 31.01.2026
B19: =B18+1 -> 2 | C19: ='(1) Приобретение электроэнергии'!$C$18 -> 46053 | D19: нет | E19: нет | F19: нет | G19: нет | H19: нет | I19: нет | J19: нет | K19: нет | L19: нет | M19: нет | N19: нет | O19: да | P19: нет | Q19: Аренда ККТ , услуги хранения ФН (он-лайн кассы) | R19: =U19/T19 -> 0.2074 | S19: месяц | T19: 1 | U19: 0.2074 | V19: Атол Онлайн ООО | W19: №1245989 от 31.01.2026
B20: =B19+1 -> 3 | C20: ='(1) Приобретение электроэнергии'!$C$18 -> 46053 | D20: нет | E20: нет | F20: нет | G20: нет | H20: нет | I20: нет | J20: нет | K20: нет | L20: нет | M20: нет | N20: нет | O20: да | P20: нет | Q20: Аренда газ-да в.д. и котельной | R20: =U20/T20 -> 4.5 | S20: ед. | T20: 1 | U20: 4.5 | V20: Банных С. В. ИП | W20: №1 от 31.01.2026
B21: =B20+1 -> 4 | C21: ='(1) Приобретение электроэнергии'!$C$18 -> 46053 | D21: нет | E21: нет | F21: нет | G21: нет | H21: нет | I21: нет | J21: нет | K21: нет | L21: нет | M21: нет | N21: нет | O21: да | P21: нет | Q21: Аренда газ-да в.д. и ГРПШ | R21: =U21/T21 -> 3.5746 | S21: ед. | T21: 1 | U21: 3.5746 | V21: Булат ООО | W21: №00000002 от 29.01.2026
B22: =B21+1 -> 5 | C22: ='(1) Приобретение электроэнергии'!$C$18 -> 46053 | D22: нет | E22: нет | F22: нет | G22: нет | H22: нет | I22: нет | J22: нет | K22: нет | L22: нет | M22: нет | N22: нет | O22: да | P22: нет | Q22: Водоснабжение, водоотведение, потери, плата за нег. возд.на ЦС | R22: =U22/T22 -> 0.17920974 | S22: м3 | T22: 129.21 | U22: 23.15569 | V22: ГВК СГМУП | W22: №199790 от 31.01.2026
B23: =B22+1 -> 6 | C23: ='(1) Приобретение электроэнергии'!$C$18 -> 46053 | D23: нет | E23: нет | F23: нет | G23: нет | H23: нет | I23: нет | J23: нет | K23: нет | L23: нет | M23: нет | N23: нет | O23: да | P23: нет | Q23: ТО и ремонт автотранспорта | R23: =U23/T23 -> 18.75 | S23: ед. | T23: 2 | U23: 37.5 | V23: Гелеверя В.П. ИП | W23: № 17 от 14.01.2026; № 76 от 28.01.2026
B24: =B23+1 -> 7 | C24: ='(1) Приобретение электроэнергии'!$C$18 -> 46053 | D24: нет | E24: нет | F24: нет | G24: нет | H24: нет | I24: нет | J24: нет | K24: нет | L24: нет | M24: нет | N24: нет | O24: да | P24: нет | Q24: Услуги связи по тарифному плану ЭРА-ТЕЛЕМАТИКА | R24: =U24/T24 -> 0.43676 | S24: месяц | T24: 1 | U24: 0.43676 | V24: ГЛОНАСС АО | W24: №18942 от 31.01.2026
B25: =B24+1 -> 8 | C25: ='(1) Приобретение электроэнергии'!$C$18 -> 46053 | D25: нет | E25: нет | F25: нет | G25: нет | H25: нет | I25: нет | J25: нет | K25: нет | L25: нет | M25: нет | N25: нет | O25: да | P25: нет | Q25: Теплоэнергия и горячее водоснабжение | R25: 2,57621/0,06785 | S25: гКал/м3 | T25: 104,7498/7,29 | U25: 270.35238 | V25: ГТС СГМУП | W25: №1648 от 31.01.2026; № 1649 от 31.01.2026
B26: =B25+1 -> 9 | C26: ='(1) Приобретение электроэнергии'!$C$18 -> 46053 | D26: нет | E26: нет | F26: нет | G26: нет | H26: нет | I26: нет | J26: нет | K26: нет | L26: нет | M26: нет | N26: нет | O26: да | P26: нет | Q26: Информ.обсл.в газете "Новости Югры" №1 от 15.01.2026 | R26: =U26/T26 -> 3.2825 | S26: ед. | T26: 2 | U26: 6.565 | V26: ИД НОВОСТИ ЮГРЫ АО | W26: №28 от 30.01.2026
B27: =B26+1 -> 10 | C27: ='(1) Приобретение электроэнергии'!$C$18 -> 46053 | D27: нет | E27: нет | F27: нет | G27: нет | H27: нет | I27: нет | J27: нет | K27: нет | L27: нет | M27: нет | N27: нет | O27: да | P27: нет | Q27: Экземпляр системы СПС Консультант Плюс | R27: =U27/T27 -> 23.979 | S27: месяц | T27: 1 | U27: 23.979 | V27: ИНФОРМБЮРО, ООО | W27: №89 от 30.01.2026
B28: =B27+1 -> 11 | C28: ='(1) Приобретение электроэнергии'!$C$18 -> 46053 | D28: нет | E28: нет | F28: нет | G28: нет | H28: нет | I28: нет | J28: нет | K28: нет | L28: нет | M28: нет | N28: нет | O28: да | P28: нет | Q28: ТО и ремонт автотранспорта | R28: =U28/T28 -> 6.06 | S28: ед. | T28: 7 | U28: 42.42 | V28: Квашнина К.И. ИП | W28: № 3 от 16.01.2026; № 5 от 29.01.2026
B29: =B28+1 -> 12 | C29: ='(1) Приобретение электроэнергии'!$C$18 -> 46053 | D29: нет | E29: нет | F29: нет | G29: нет | H29: нет | I29: нет | J29: нет | K29: нет | L29: нет | M29: нет | N29: нет | O29: да | P29: нет | Q29: Право использования программы для ЭВМ "Контур.Диадок" | R29: =U29/T29 -> 19.9 | S29: месяц | T29: 1 | U29: 19.9 | V29: Контур ПФ СКБ АО | W29: №2693108973 от 24.01.2026
B30: =B29+1 -> 13 | C30: ='(1) Приобретение электроэнергии'!$C$18 -> 46053 | D30: нет | E30: нет | F30: нет | G30: нет | H30: нет | I30: нет | J30: нет | K30: нет | L30: нет | M30: нет | N30: нет | O30: да | P30: нет | Q30: АПК Телескоп+ узел учета газа | R30: =U30/T30 -> 46.11166 | S30: месяц | T30: 1 | U30: 46.11166 | V30: МИКРО-М ООО | W30: №7 от 25.01.2026
B31: =B30+1 -> 14 | C31: ='(1) Приобретение электроэнергии'!$C$18 -> 46053 | D31: нет | E31: нет | F31: нет | G31: нет | H31: нет | I31: нет | J31: нет | K31: нет | L31: нет | M31: нет | N31: нет | O31: да | P31: нет | Q31: Услуги сотовой связи | R31: =U31/T31 -> 202.90944 | S31: месяц | T31: 1 | U31: 202.90944 | V31: МТС | W31: №. б/н от 31.01.2026
B32: =B31+1 -> 15 | C32: ='(1) Приобретение электроэнергии'!$C$18 -> 46053 | D32: нет | E32: нет | F32: нет | G32: нет | H32: нет | I32: нет | J32: нет | K32: нет | L32: нет | M32: нет | N32: нет | O32: да | P32: нет | Q32: Обновление, замена, активизация, настройка блока СКЗИ | R32: =U32/T32 -> 9.15 | S32: месяц | T32: 1 | U32: 9.15 | V32: НАВИС ООО | W32: №13 от 21.01.2026
B33: =B32+1 -> 16 | C33: ='(1) Приобретение электроэнергии'!$C$18 -> 46053 | D33: нет | E33: нет | F33: нет | G33: нет | H33: нет | I33: нет | J33: нет | K33: нет | L33: нет | M33: нет | N33: нет | O33: да | P33: нет | Q33: Аренда газ-да в.д. и ГРПШ | R33: =U33/T33 -> 2.1 | S33: месяц | T33: 1 | U33: 2.1 | V33: НОВОЛИК ЧОУ ДПО | W33: №3 от 31.01.2026
B34: =B33+1 -> 17 | C34: ='(1) Приобретение электроэнергии'!$C$18 -> 46053 | D34: нет | E34: нет | F34: нет | G34: нет | H34: нет | I34: нет | J34: нет | K34: нет | L34: нет | M34: нет | N34: нет | O34: да | P34: нет | Q34: Аренда помещений РММ | R34: =U34/T34 -> 204 | S34: месяц | T34: 1 | U34: 204 | V34: ОИС ООО | W34: №1 от 31.01.2026
B35: =B34+1 -> 18 | C35: ='(1) Приобретение электроэнергии'!$C$18 -> 46053 | D35: нет | E35: нет | F35: нет | G35: нет | H35: нет | I35: нет | J35: нет | K35: нет | L35: нет | M35: нет | N35: нет | O35: да | P35: нет | Q35: Аренда транспортных средств | R35: =U35/T35 -> 620.16666 | S35: месяц | T35: 1 | U35: 620.16666 | V35: ОИС ООО | W35: №2 от 31.01.2027
B36: =B35+1 -> 19 | C36: ='(1) Приобретение электроэнергии'!$C$18 -> 46053 | D36: нет | E36: нет | F36: нет | G36: нет | H36: нет | I36: нет | J36: нет | K36: нет | L36: нет | M36: нет | N36: нет | O36: да | P36: нет | Q36: Аренда нежилого помещения | R36: =U36/T36 -> 7.63495 | S36: месяц | T36: 2 | U36: 15.2699 | V36: Погородняя-Граховская Анна Викторовна | W36: №000372 от 31.12.2025; №29 от 29.01.2026
B37: =B36+1 -> 20 | C37: ='(1) Приобретение электроэнергии'!$C$18 -> 46053 | D37: нет | E37: нет | F37: нет | G37: нет | H37: нет | I37: нет | J37: нет | K37: нет | L37: нет | M37: нет | N37: нет | O37: да | P37: нет | Q37: Услуги почты | R37: =U37/T37 -> 19.721435 | S37: месяц | T37: 2 | U37: 39.44287 | V37: Почта России АО УФПС | W37: №073006у00013077 от 31.12.2025; №073006у00013223 от 31.12.2025; №073006у00000750 от 31.01.2026; №073006у00000749 от 31.01.2026
... B49: =B48+1 -> 32 | C49: ='(1) Приобретение электроэнергии'!$C$18 -> 46053 | D49: нет | E49: нет | F49: нет | G49: нет | H49: нет | I49: нет | J49: нет | K49: нет | L49: нет | M49: нет | N49: нет | O49: да | P49: нет | Q49: ТО и ремонт автотранспорта | R49: =U49/T49 -> 98.82 | S49: ед. | T49: 1 | U49: 98.82 | V49: РЕМАВТОКРАН ООО | W49: №19 от 29.01.2026
B51: ='(1) Приобретение электроэнергии'!B21 -> * Информация представлена при наличии документов по состоянию на 05.03.2026

Sheet (11) Приобретение ГСМ
W2: Приложение N 10
W3: к приказу ФАС России
W4: от 8 декабря 2022 г. N 960/22
W5: "Об утверждении форм, сроков и периодичности раскрытия информации субъектами естественных монополий,
B6: Вид товара (услуг): (11) Приобретение горюче - смазочных материалов | W6: оказывающими услуги по транспортировке газа по трубопроводам, а также правил заполнения указанных форм"
B8: ='(1) Приобретение электроэнергии'!B8 -> февраль 2026г. | L8: Информация о способах приобретения, стоимости и объемах товаров, необходимых для оказания услуг
B9: (отчётный месяц) | L9: по транспортировке газа по трубопроводам (газораспределительные сети) ОАО "Сургутгаз".
L10: (наименование субъекта естественной монополии)
B12: N | C12: Дата закупки | D12: Способ осуществления закупки | Q12: Предмет закупки | R12: Цена за единицу товара, работ, услуг (тыс. руб.) | S12: Единица измерения | T12: Количество (объем товаров, работ, услуг) | U12: Сумма закупки (товаров, работ, услуг) (тыс. руб.) | V12: Поставщик (подрядная организация) | W12: Реквизиты документа
D13: Конкурентные закупки | O13: Неконкурентная закупка
D14: Торги | N14: Иной способ, установленный положением о закупке
D15: конкурс | G15: аукцион | J15: запрос котировок | L15: запрос предложений | O15: единственный поставщик (исполнитель, подрядчик) | P15: иное
D16: открытый конкурс | E16: конкурс в электронной форме | F16: закрытый конкурс | G16: открытый аукцион | H16: аукцион в электронной форме | I16: закрытый аукцион | J16: запрос котировок в электронной форме | K16: закрытый запрос котировок | L16: запрос предложений в электронной форме | M16: закрытый запрос предложений
B17: 1 | C17: 2 | D17: 3 | E17: 4 | F17: 5 | G17: 6 | H17: 7 | I17: 8 | J17: 9 | K17: 10 | L17: 11 | M17: 12 | N17: 13 | O17: 14 | P17: 15 | Q17: 16 | R17: 17 | S17: 18 | T17: 19 | U17: 20 | V17: 21 | W17: 22
B18: 1 | C18: ='(1) Приобретение электроэнергии'!$C$18 -> 46053 | D18: нет | E18: нет | F18: нет | G18: нет | H18: нет | I18: нет | J18: да | K18: нет | L18: нет | M18: нет | N18: нет | O18: нет | P18: нет | Q18: Приобретение ГСМ | R18: =U18/T18 -> 0.052969596 | S18: литр/м3 | T18: 4385.0871 | U18: 232.27629 | V18: ПЕТРОЛ86 ООО | W18: №105 от 31.01.2026
B20: ='(1) Приобретение электроэнергии'!B21 -> * Информация представлена при наличии документов по состоянию на 05.03.2026
